 Dungeon Crawl Stone Soup version 0.31-a0-640-g39d97e502b (webtiles) character file.

Game seed: 10367747546066659533

5762 Arcadio the Nimble (level 11, -5/79 HPs)
             Began as a Djinni Necromancer on Aug 28, 2023.
             Was an Elder of Jiyva.
             Slain by a shadow (29 damage)
             ... on level 9 of the Dungeon.
             The game lasted 00:34:55 (6635 turns).

Arcadio the Nimble (Djinni Necromancer)             Turns: 6635, Time: 00:34:56

Health: -5/79      AC:  4    Str:  7    XL:     11   Next: 6%
Gold:   304        EV: 19    Int: 21    God:    Jiyva [****..] SH: 14 Dex: 20

rFire   + + .        O - +2 war axe (vamp)
rCold   x . .        K - +0 buckler
rNeg    . . .        L - +0 robe {Will+}
rPois   ∞            (no helmet)
rElec   +            b - +0 cloak
rCorr   +            k - +0 pair of gloves
SInv    .            (boots unavailable)
Will    ++...        (no amulet)
Stlth   ++           f - ring "Maukoism" {rElec rPois Dex+6}
HPRegen 1.61/turn    (no ring)
MPRegen 0.00/turn

%: infuse magic (-6 HP)
@: flying
A: sickness immunity, fire resistance 2, cold vulnerability 1, float, innate
caster, HP casting, extra vitality 1, large bone plates 3, eyeballs 1
a: Renounce Religion, Oozemancy, Slimify


You were on level 9 of the Dungeon.
You worshipped Jiyva.
Jiyva was greatly pleased with you.
You visited 2 branches of the dungeon, and saw 10 of its levels.
You also visited: Ossuary and Bailey.

You collected 304 gold pieces.

Inventory:

Hand Weapons
 h - a +0 dagger
 i - a +1 dagger of venom
 j - a +3 dagger of holy wrath
 r - a +0 broad axe
 t - a +2 dagger of freezing
 F - a +0 rapier of venom
 H - a +4 great sword
 I - a +4 great sword
 J - a +0 morningstar
 O - a +2 vampiric war axe (weapon)
Armour
 a - a +0 robe
 b - a +0 cloak (worn)
 k - a +0 pair of gloves (worn)
 K - a +0 buckler (worn)
 L - a +0 robe of willpower (worn)
Jewellery
 f - the ring "Maukoism" (left hand) {rElec rPois Dex+6}
   (You found it on level 2 of the Dungeon)

   [ring of dexterity]

   Dex+6:     It affects your dexterity (+6).
   rElec:     It insulates you from electricity.
   rPois:     It protects you from poison
 M - the ring of Fuacky {Fly rElec rCorr Dex-5 Stlth+}
   (You took it off an orc in a bailey)

   [ring of flight]

   Dex-5:     It affects your dexterity (-5).
   rElec:     It insulates you from electricity.
   Fly:       It grants you flight.
   rCorr:     It protects you from acid and corrosion.
   Stlth+:    It makes you more stealthy.
Scrolls
 c - 3 scrolls of teleportation
 l - a scroll of enchant armour {unknown}
 n - a scroll of fog {unknown}
 q - 2 scrolls of poison {unknown}
 w - 2 scrolls of revelation
 y - a scroll of enchant weapon {unknown}
 z - a scroll of silence {unknown}
 B - a scroll of vulnerability {unknown}
 C - a scroll of summoning {unknown}
 D - a scroll of fear {unknown}
 E - a scroll of torment {unknown}
 N - a scroll of immolation {unknown}
Potions
 d - 2 potions of brilliance
 e - 2 potions of mutation
 g - 2 potions of heal wounds
 m - 2 potions of attraction
 o - 2 potions of lignification
 p - a potion of degeneration {unknown}
 s - 4 potions of invisibility
 u - 3 potions of berserk rage
 v - a potion of ambrosia {unknown}
 x - a potion of might {unknown}
 A - 5 potions of curing
 G - a potion of haste {unknown}


   Skills:
 - Level 7.1 Fighting
 + Level 10.9 Dodging
 - Level 1.5 Stealth
 - Level 5.0 Shields
 + Level 7.4 Spellcasting
 + Level 7.4 Conjurations
 + Level 7.4 Hexes
 + Level 7.4 Summonings
 + Level 7.4 Necromancy
 + Level 7.4 Translocations
 + Level 7.4 Transmutations
 + Level 7.4 Fire Magic
 + Level 7.4 Ice Magic
 + Level 7.4 Air Magic
 + Level 7.4 Earth Magic
 + Level 7.4 Poison Magic


You knew the following spells:

 Your Spells              Type           Power      Damage    Failure   Level
a - Searing Ray           Conj           76%        2d7       1%          2
b - Vampiric Draining     Necr           38%        2d8       1%          3
c - Animate Dead          Necr           38%        N/A       6%          4
d - Airstrike             Air            19%        2d(3-19)  6%          4
e - Sting                 Tmut/Pois      100%       1d8       1%          1
f - Necrotise             Necr           100%       1d9       1%          1
g - Poisonous Vapours     Pois/Air       76%        N/A       1%          2
h - Agony                 Necr           38%        N/A       17%         5
i - Summon Forest         Summ/Tloc      19%        N/A       17%         5
Your spell library was empty.

Dungeon Overview and Level Annotations

Branches:
Dungeon (9/15) Zot: 26689  Temple (1/1) D:7 Zot: 5998 Ossuary (visited)
 Bailey (visited)
   Lair: D:8-11         Orc: D:9-12

Altars:
Ashenzari
Cheibriados
Dithmenos
Elyvilon
Fedhas
Gozag
Hepliaklqana
Makhleb
Nemelex Xobeh
Okawaru
Qazlal
Ru
Trog
Uskayaw
Wu Jian
Xom
Yredelemnul
Zin
The Shining One
Jiyva

Shops:
D:4 (   D:7 =


Innate Abilities, Weirdness & Mutations

You are immune to sickness and miasma.
You are immune to poison.
Your flesh is very heat resistant. (rF++)
You are vulnerable to cold. (rC-)
You float through the air rather than walking.
You learn spells naturally, not from books.
Your magical power is your life essence.
You have superior vitality. (+4 MHP)
You are completely covered in large bone plates. (SH +8)
Your body has grown eyes which may confuse attackers. (Acc +3)


Message History

The shadow is severely damaged.
The shadow hits you! You block the shadow's attack.
You hit the shadow but do no damage.
The shadow is severely damaged.
The shadow slips into darkness.
The shadow flickers and vanishes!
Deactivating autopickup; reactivate with Ctrl-A.
You barely miss something.
The shadow strikes at you from the darkness!
Reactivating autopickup.
The shadow hits you!
You hit the shadow but do no damage.
The shadow is severely damaged.
You block the shadow's attack.
You completely miss the shadow.
The shadow is severely damaged.
The shadow misses you.
The shadow slips into darkness.
The shadow flickers and vanishes!
Deactivating autopickup; reactivate with Ctrl-A.
You completely miss something.
The shadow strikes at you from the darkness!
* * * LOW HITPOINT WARNING * * *
Reactivating autopickup.
The shadow hits you!
* * * LOW HITPOINT WARNING * * *
You feel much better.
The shadow slips into darkness.
The shadow flickers and vanishes!
Deactivating autopickup; reactivate with Ctrl-A.
You closely miss something.
The shadow strikes at you from the darkness!
Reactivating autopickup.
You closely miss the shadow.
The shadow is severely damaged.
The shadow slips into darkness.
The shadow flickers and vanishes!
Deactivating autopickup; reactivate with Ctrl-A.
The shadow strikes at you from the darkness!
You die...

##########
##.........
..........
#.........
#.........
#.@....>..
#{........
####..####
.## . .. ..
..#


There were no monsters in sight!

Vanquished Creatures
  An orc knight (Bailey)
  Pikel (D:7)
  A troll (D:6)
  Prince Ribbit (D:7)
  3 yaks (D:8)
  A water moccasin (D:7)
  An ice beast (D:6)
  9 orc warriors (Bailey)
  An ogre (D:5)
  A lemure (D:7)
  Blork the orc (D:5)
  A kobold brigand (D:7)
  2 bullfrogs
  12 scorpions
  10 wights
  6 killer bees (D:8)
  2 centaur zombies (Ossuary)
  An orc priest (D:7)
  4 hounds
  A human zombie (Ossuary)
  Jessica (D:2)
  6 scorpion zombies (Ossuary)
  4 iguanas
  3 orc wizards
  3 mummies (Ossuary)
  9 gnolls
  6 adders
  A shadow imp (D:7)
  A white imp (D:7)
  An ufetubus (D:4)
  2 worms
  2 dart slugs
  30 orcs
  3 endoplasms
  8 giant cockroaches
  2 gnoll zombies (Ossuary)
  21 goblins
  17 hobgoblins
  7 jackals
  2 quokkas (D:1)
  4 ball pythons
  4 bats
  4 frilled lizards
  3 goblin zombies (Ossuary)
  2 hobgoblin zombies (Ossuary)
  9 kobolds
  3 kobold zombies (Ossuary)
  2 orc zombies (Ossuary)
  5 rats
225 creatures vanquished.

Vanquished Creatures (collateral kills)
  A giant cockroach (D:1)
1 creature vanquished.

Vanquished Creatures (others)
  An orc knight (Bailey)
  2 orc warriors (Bailey)
  2 wights (D:6)
  14 jellies
  2 orc wizards
  A worm (D:3)
  5 orcs
  4 goblins
  A hobgoblin (Bailey)
  A frilled lizard (D:3)
  3 kobolds
  An orc zombie (Ossuary)
37 creatures vanquished.

Grand Total: 263 creatures vanquished

Notes
Turn   | Place    | Note
-------+----------+-------------------------------------------
     0 | D:1      | Arcadio the Djinni Necromancer began the quest for the Orb.
     0 | D:1      | Arcadio set off with the following spells memorised:
                  | Necrotise, Vampiric Draining, Animate Dead, Agony.
     0 | D:1      | Reached XP level 1. HP: 15/15 MP: 0/0
   213 | D:1      | Reached XP level 2. HP: 21/22 MP: 0/0
   594 | D:1      | Reached skill level 1 in Fighting
   651 | D:1      | Reached XP level 3. HP: 27/27 MP: 0/0
   651 | D:1      | Learned a level 1 spell: Sting
   887 | D:2      | Noticed Jessica
   902 | D:2      | Killed Jessica
   903 | D:2      | Reached skill level 3 in Dodging
   903 | D:2      | Reached XP level 4. HP: 33/33 MP: 0/0
   917 | D:2      | Identified the ring "Maukoism" {rElec rPois Dex+6}
  1329 | D:2      | Found a faded altar of an unknown god.
  1332 | D:2      | Prayed at the altar of an unknown god.
  1332 | D:2      | Became a worshipper of Jiyva Jehef the Shapeless
  1332 | D:2      | Reached * piety under Jiyva
  1491 | D:3      | Reached XP level 5. HP: 36/38 MP: 0/0
  1491 | D:3      | Learned a level 2 spell: Searing Ray
  2304 | D:4      | Found .
  2304 | D:4      | Reached ** piety under Jiyva
  2418 | D:4      | Reached skill level 4 in Dodging
  2423 | D:4      | Reached XP level 6. HP: 43/45 MP: 0/0
  2431 | D:4      | Found Xadot's Weapon Shop.
  2433 | D:4      | Found a stormy altar of Qazlal.
  2746 | D:5      | Entered Level 5 of the Dungeon
  2752 | D:5      | Noticed an ogre
  2756 | D:5      | Killed an ogre
  3018 | D:5      | Found a sand-covered staircase.
  3023 | Ossuary  | Entered an ossuary
  3045 | Ossuary  | Reached XP level 7. HP: 44/51 MP: 0/0
  3045 | Ossuary  | Learned a level 2 spell: Poisonous Vapours
  3074 | Ossuary  | Reached skill level 5 in Dodging
  3246 | Ossuary  | Reached XP level 8. HP: 57/58 MP: 0/0
  3299 | Ossuary  | Reached skill level 6 in Dodging
  3318 | Ossuary  | Reached skill level 5 in Fighting
  3367 | Ossuary  | Reached skill level 5 in Spellcasting
  3367 | Ossuary  | Reached skill level 5 in Conjurations
  3367 | Ossuary  | Reached skill level 5 in Hexes
  3367 | Ossuary  | Reached skill level 5 in Summonings
  3367 | Ossuary  | Reached skill level 5 in Necromancy
  3367 | Ossuary  | Reached skill level 5 in Translocations
  3367 | Ossuary  | Reached skill level 5 in Transmutations
  3367 | Ossuary  | Reached skill level 5 in Fire Magic
  3367 | Ossuary  | Reached skill level 5 in Ice Magic
  3367 | Ossuary  | Reached skill level 5 in Air Magic
  3367 | Ossuary  | Reached skill level 5 in Earth Magic
  3367 | Ossuary  | Reached skill level 5 in Poison Magic
  3631 | D:5      | Noticed Blork the orc
  3676 | D:5      | Killed Blork the orc
  3715 | D:5      | Reached *** piety under Jiyva
  3780 | D:5      | Reached skill level 7 in Dodging
  3992 | D:6      | Found a blossoming altar of Fedhas.
  4028 | D:6      | Reached XP level 9. HP: 63/66 MP: 0/0
  4028 | D:6      | Learned a level 4 spell: Airstrike
  4131 | D:6      | Noticed a troll
  4135 | D:6      | Killed a troll
  4281 | D:6      | Reached skill level 8 in Dodging
  4432 | D:6      | Found a glowing golden altar of the Shining One.
  4476 | D:6      | Found a burning altar of Makhleb.
  4591 | D:6      | Found an ornate altar of the Wu Jian Council.
  4864 | D:7      | Noticed Prince Ribbit
  4915 | D:7      | Reached **** piety under Jiyva
  4959 | D:7      | Found a staircase to the Ecumenical Temple.
  4972 | D:7      | Reached skill level 1 in Shields
  4983 | D:7      | Gained mutation: You are partially covered in large bone
                  | plates. (SH +4) [Jiyva's grace]
  4983 | D:7      | Gained mutation: You are mostly covered in large bone
                  | plates. (SH +6) [Jiyva's grace]
  4983 | D:7      | Gained mutation: You are completely covered in large bone
                  | plates. (SH +8) [Jiyva's grace]
  4983 | D:7      | Gained mutation: Your body has grown eyes which may confuse
                  | attackers. (Acc +3) [Jiyva's grace]
  4987 | Temple   | Entered the Ecumenical Temple
  5009 | D:7      | Killed Prince Ribbit
  5181 | D:7      | Found an opulent altar of Gozag.
  5274 | D:7      | Found a shimmering altar of Xom.
  5276 | D:7      | Found a shadowy altar of Dithmenos.
  5276 | D:7      | Found a shimmering altar of Xom.
  5277 | D:7      | Noticed Pikel
  5282 | D:7      | Killed Pikel
  5283 | D:7      | Reached skill level 9 in Dodging
  5283 | D:7      | Reached XP level 10. HP: 62/75 MP: 0/0
  5283 | D:7      | Found a basalt altar of Yredelemnul.
  5283 | D:7      | Found a blossoming altar of Fedhas.
  5283 | D:7      | Found a shimmering altar of Xom.
  5321 | D:7      | Found Otorolur's Jewellery Emporium.
  5411 | D:8      | Found a flagged portal.
  5424 | Bailey   | Entered a bailey
  5547 | Bailey   | Noticed an orc knight
  5562 | Bailey   | Killed an orc knight
  5591 | Bailey   | Noticed an orc knight
  5613 | Bailey   | Killed an orc knight
  5614 | Bailey   | Reached skill level 10 in Dodging
  5614 | Bailey   | Reached skill level 5 in Shields
  5660 | Bailey   | Noticed an orc warlord
  5671 | Bailey   | Slimified an orc warlord
  5671 | Bailey   | an orc warlord changed into an acid blob
  5671 | Bailey   | Noticed an acid blob
  5690 | Bailey   | Identified the +0 chain mail of the World {rCorr Str-5
                  | Stlth+}
  5690 | Bailey   | Identified the ring of Fuacky {Fly rElec rCorr Dex-5
                  | Stlth+}
  5946 | D:8      | Reached XP level 11. HP: 79/79 MP: 0/0
  5946 | D:8      | Learned a level 5 spell: Summon Forest
  6104 | D:8      | Found a glowing silver altar of Zin.
  6632 | D:9      | HP: 3/79 [shadow (10)]
  6635 | D:9      | Slain by a shadow

Illustrated notes

Levels and vault maps discovered:
D:1:      zaba_arrival_water, layout_basic, st_stairs_2, minmay_misc_feat_alley,
          minmay_tromino_i2
D:2:      layout_rooms, shapermc_ecumenical_altar_mp_urbaneastern,
          minmay_fountain_box, serial_bayou_pond_b,
          corexii_item_surrounded_by_moat, chequers_avenue, uniq_jessica
D:3:      layout_basic, minmay_fractal_squares_diagonal_5
D:4:      layout_cave_pools, nicolae_qazlal_scattered_showers,
          nicolae_overflow_hidden_temple, serial_shops, shop
D:5:      cheibrodos_quashed, layout_basic, nicolae_ossuary_entry_plus,
          kennysheep_generic_room_9, uniq_blork_the_orc
D:6:      layout_basic, tso_oasis_becter, overflow_temple_1_default,
          nzn_wu_jian_contemplation, mainiacjoe_overflow_catwalk,
          minmay_microvault
D:7:      layout_rooms, mainiacjoe_overflow_small_starburst,
          doesnt_xom_only_xom, minmay_temple_entry_sparse_star, serial_shops,
          nicolae_shop_pleasant_corner_grove, st_stairs_7, dreamdust_gnoll_farm,
          uniq_prince_ribbit1, uniq_pikel
D:8:      layout_rooms, kennysheep_mini, enter_bailey_3,
          dreamdust_mushroom_princess, hangedman_glass_teeth,
          minmay_misc_feat_doors, grunt_decor_cap
D:9:      layout_roguey, fiery_altar_vehumet
Temple:   nicolae_temple_hex_pool

Skill      XL: |  1  2  3  4  5  6  7  8  9 10 |
---------------+-------------------------------+-----
Fighting       | 1 2 3 4 6 7 |  7.1
Dodging        | 3 4 5 7 9 10 | 10.9
Spellcasting   | 4 5 6 7 |  7.4
Conjurations   | 4 5 6 7 |  7.4
Hexes          | 4 5 6 7 |  7.4
Summonings     | 4 5 6 7 |  7.4
Necromancy     | 4 5 6 7 |  7.4
Translocations | 4 5 6 7 |  7.4
Transmutations | 4 5 6 7 |  7.4
Fire Magic     | 4 5 6 7 |  7.4
Ice Magic      | 4 5 6 7 |  7.4
Air Magic      | 4 5 6 7 |  7.4
Earth Magic    | 4 5 6 7 |  7.4
Poison Magic   | 4 5 6 7 |  7.4
Shields        | 3 5 |  5.0
Stealth        | |  1.5

Action                     |  1- 3 |  4- 6 |  7- 9 | 10-12 || total
---------------------------+-------+-------+-------+-------++-------
  Melee: Dagger            |    37 |    72 |   159 |       ||   268
         Punch             |     1 |     2 |     2 |       ||     5
         Rapier            |       |       |    39 |   111 ||   150
         War axe           |       |       |       |    13 ||    13
   Cast: Necrotise         |    33 |    24 |       |       ||    57
         Vampiric Draining |     1 |    17 |    21 |    15 ||    54
         Searing Ray       |       |    17 |    35 |     9 ||    61
         Poisonous Vapours |       |       |     2 |       ||     2
         Airstrike         |       |       |    36 |    15 ||    51
         Agony             |       |       |       |     1 ||     1
 Invoke: Slimify           |       |       |       |     1 ||     1
    Use: Scroll            |     2 |     3 |     4 |     3 ||    12
         Potion            |       |       |       |     2 ||     2
   Stab: Sleeping          |     2 |     1 |     3 |       ||     6
         Distracted        |       |       |     1 |       ||     1
         Confused          |       |       |       |     1 ||     1
 Armour: Robe              |    13 |    21 |    46 |     4 ||    84
  Dodge: Dodged            |    30 |    63 |   185 |    98 ||   376
  Block: Buckler           |       |       |     3 |   135 ||   138

Table legend: (Time is in decaauts)
 A = Elapsed time spent in this place.
 B = Non-inter-level travel time spent in this place.
 C = Inter-level travel time spent in this place.
 D = Time resting spent in this place.
 E = Time spent auto-exploring this place.
 F = Levels seen in this place.
 G = Mean time per level.
                   A        B        C        D        E       F      G
               +--------+--------+--------+--------+--------+-----+--------+
         Total |   6677 |   6463 |    214 |    528 |   3744 |  12 |  556.4 |
       Dungeon |   5849 |   5635 |    214 |    506 |   3663 |   9 |  649.9 |
        Temple |      1 |      1 |      0 |      0 |      0 |   1 |    1.0 |
       Ossuary |    469 |    469 |      0 |      0 |     72 |   1 |  469.0 |
        Bailey |    356 |    356 |      0 |     22 |      9 |   1 |  356.0 |
               +--------+--------+--------+--------+--------+-----+--------+

Top non-repeatable levels by time:
     D:6: 921 daAuts
     D:8: 914 daAuts
     D:3: 842 daAuts
     D:1: 751 daAuts
     D:5: 733 daAuts
     D:2: 686 daAuts
     D:4: 498 daAuts
     D:7: 476 daAuts
 Ossuary: 469 daAuts
  Bailey: 356 daAuts
     D:9: 24 daAuts
  Temple: 1 daAuts
